Map: Odyssey LE

Players

ShoWTimE

  • Race: Protoss Protoss
  • League: Grandmaster
  • Spawn Location: 11:00

Elazer - Winner!

  • Race: Zerg Zerg
  • League: Master
  • Spawn Location: 5:00

Event: HomeStory Cup XVI

VOD

Have the link to the VOD?

Description

Time

  • Played on: Nov. 11, 2017, 10:15 a.m.
  • Length: 7:17

All games in this series

Show
View Real Time Build Order
Export as new Build Order

ShoWTimE Protoss 

Build Orders: 1 Gate Expand, Oracle Opening, Phoenix Opening, Zealot Archon, Archon Drop 

Get SALT Encoding   

  1  0:00  Probe (Chrono Boost)  
  12  0:04  Probe (Chrono Boost)  
  14  0:18  Pylon  
  14  0:23  Probe (Chrono Boost)  
  15  0:37  Gateway  
  15  0:38  Probe (Chrono Boost)  
  16  0:45  Assimilator  
  17  0:50  Probe (Chrono Boost)  
  17  0:58  Probe (Chrono Boost)  
  18  1:04  Probe (Chrono Boost)  
  19  1:16  Probe (Chrono Boost)  
  20  1:26  Nexus  
  20  1:35  Cybernetics Core  
  20  1:39  Probe (Chrono Boost)  
  21  1:42  Assimilator  
  21  1:51  Probe (Chrono Boost)  
  21  1:53  Pylon  
  22  2:01  Adept  
  22  2:03  Probe (Chrono Boost)  
  23  2:15  Probe (Chrono Boost)  
  26  2:21  Stargate  
  26  2:27  Probe (Chrono Boost)  
  27  2:30  Warp Gate  
  27  2:34  Adept  
  27  2:35  Probe (Chrono Boost)  
  29  2:39  Probe (Chrono Boost)  
  29  2:42  Probe (Chrono Boost)  
  33  2:51  Probe (Chrono Boost)  
  33  2:54  Probe (Chrono Boost)  
  33  2:56  Phoenix  
  34  3:04  Probe (Chrono Boost)  
  38  3:06  Probe (Chrono Boost)  
  38  3:15  Pylon  
  38  3:16  Probe (Chrono Boost)  
  38  3:18  Assimilator, Probe (Chrono Boost)  
  40  3:20  Assimilator  
  40  3:24  Oracle  
  44  3:28  Probe (Chrono Boost)  
  44  3:30  Probe (Chrono Boost)  
  44  3:34  Gateway  
  45  3:38  Probe (Chrono Boost)  
  45  3:40  Probe (Chrono Boost)  
  47  3:44  Probe (Chrono Boost)  
  47  3:47  Pylon  
  47  3:52  Probe (Chrono Boost)  
  47  3:55  Twilight Council  
  49  3:58  Forge  
  51  4:03  Probe (Chrono Boost)  
  51  4:04  Probe (Chrono Boost)  
  51  4:11  Robotics Facility  
  51  4:15  Probe (Chrono Boost)  
  51  4:16  Probe (Chrono Boost)  
  53  4:21  Shield Battery  
  53  4:25  Protoss Ground Weapons Level 1  
  53  4:27  Pylon  
  53  4:28  Gateway, Probe (Chrono Boost)  
  53  4:29  Charge  
  54  4:32  Gateway  
  54  4:46  Adept x2  
  54  4:49  Warp Prism  
  60  5:06  Nexus  
  60  5:10  Pylon  
  60  5:16  Templar Archives  
  60  5:24  Gateway  
  60  5:29  Gateway  
  60  5:33  Gateway  
  57  5:36  Gateway  
  57  5:44  Shield Battery  
  57  5:47  Probe (Chrono Boost)  
  57  5:48  Probe (Chrono Boost)  
  59  5:52  High Templar x4  
  59  5:56  Archon x2, Shield Battery  
  67  6:07  Pylon  
  67  6:08  Observer, Probe x2 (Chrono Boost)  
  70  6:20  Probe x2 (Chrono Boost)  
  72  6:27  Zealot  
  72  6:28  Zealot x6  
  72  6:31  Zealot  
  89  6:32  Probe (Chrono Boost)  
  89  6:38  Probe x2 (Chrono Boost)  
  90  6:53  Zealot x6  
  90  6:55  Zealot  
  73  7:01  Probe x2 (Chrono Boost)  
Show
View Real Time Build Order
Export as new Build Order

Elazer Zerg - Winner!

Build Orders: Hatch First 

Get SALT Encoding   

  12  0:00  Drone  
  13  0:12  Overlord  
  13  0:16  Drone  
  14  0:31  Drone x2  
  16  0:48  Hatchery  
  15  0:51  Drone  
  15  0:55  Drone  
  17  0:58  Drone  
  18  1:08  Extractor  
  17  1:14  Spawning Pool  
  17  1:17  Drone  
  17  1:20  Drone  
  18  1:28  Drone  
  19  1:41  Overlord  
  19  1:49  Drone  
  20  2:00  Queen, Drone  
  20  2:01  Queen  
  23  2:02  Zergling x2  
  26  2:08  Metabolic Boost  
  26  2:10  Drone  
  26  2:14  Drone  
  28  2:23  Drone x2  
  30  2:38  Hatchery  
  30  2:41  Zergling x2  
  30  2:42  Drone  
  31  2:44  Drone  
  31  2:50  Overlord  
  32  3:00  Queen  
  32  3:01  Drone  
  32  3:05  Zergling x2  
  36  3:09  Drone x2, Zergling x2  
  36  3:12  Drone  
  40  3:14  Overlord  
  40  3:15  Drone  
  40  3:17  Drone  
  42  3:27  Drone  
  43  3:28  Drone  
  43  3:33  Spore Crawler  
  43  3:34  Spore Crawler  
  42  3:37  Queen  
  42  3:39  Drone x2  
  46  3:43  Drone x2  
  46  3:47  Drone x3  
  51  3:51  Drone  
  51  3:52  Overlord  
  51  3:54  Drone  
  53  4:00  Lair  
  53  4:05  Spore Crawler  
  53  4:06  Drone  
  53  4:07  Drone  
  53  4:08  Drone  
  53  4:09  Drone  
  56  4:11  Drone  
  56  4:16  Drone x2  
  59  4:18  Queen  
  59  4:22  Overlord  
  59  4:23  Drone  
  62  4:25  Drone  
  62  4:28  Drone x2  
  62  4:29  Drone  
  66  4:32  Extractor  
  66  4:33  Extractor  
  66  4:35  Evolution Chamber  
  66  4:37  Drone x2  
  65  4:39  Drone  
  65  4:41  Drone x2  
  65  4:44  Drone  
  69  4:47  Overlord  
  69  4:49  Overlord  
  69  4:50  Extractor  
  69  4:51  Drone  
  69  4:52  Drone  
  69  4:53  Drone  
  70  5:01  Zerg Missile Weapons Level 1, Hydralisk Den  
  70  5:03  Zergling x8  
  73  5:08  Overlord  
  73  5:10  Zergling x6  
  76  5:31  Hydralisk  
  76  5:32  Muscular Augments, Hydralisk x2  
  82  5:38  Overlord  
  82  5:40  Hydralisk x2  
  86  5:46  Hydralisk  
  86  5:49  Overlord  
  88  5:52  Overlord  
  88  5:53  Hydralisk x2  
  88  5:55  Zergling x2  
  88  5:56  Zergling x8  
  97  6:00  Hatchery  
  97  6:04  Overlord  
  96  6:10  Hydralisk x4  
  104  6:17  Overlord, Hydralisk  
  106  6:20  Hydralisk  
  106  6:21  Zergling x2  
  106  6:22  Zergling x12  
  115  6:28  Overlord  
  115  6:33  Hydralisk x2  
  119  6:40  Zergling x2  
  119  6:41  Zergling x2  
  119  6:43  Overlord  
  119  6:44  Overlord  
Tags
 
Add a new tag
Caveats
  • Supply blocks, unpowered buildings, or Contaminate may cause inaccurate times.
  • Supply counts are checked every 10 seconds.